 Dungeon Crawl Stone Soup version 0.27.1-33-g824d729ab1 (webtiles) character file.

Game seed: 18192036797659959118

1232 zeram the Spear-Bearer (level 8, -7/49 (58) HPs)
             Began as a Merfolk Fighter on Dec 2, 2021.
             Was a Believer of Dithmenos.
             Mangled by a wight (11 damage)
             ... on level 6 of the Dungeon.
             The game lasted 00:12:01 (7647 turns).

zeram the Spear-Bearer (Merfolk Fighter)            Turns: 7647, Time: 00:12:02

HP:   -7/49 (58)    AC: 11    Str: 16 (19) XL:     8   Next: 48%
MP:   17/17         EV:  9    Int:  6 (7)  God:    Dithmenos [**....]
Gold: 675           SH: 10    Dex: 11 (13) Spells: 7/7 levels left

rFire    + . .     SeeInvis .   a - +0 trident
rCold    + . .     Faith    .   c - +0 kite shield
rNeg     . . .     Spirit   .   b - +0 scale mail
rPois    .         Reflect  .   e - +0 helmet
rElec    .         Harm     .   j - scarf {rC+ rF+}
rCorr    .         Rampage  .   (no gloves)
Will     .....                  (no boots)
Stlth    ..........             (no amulet)
HPRegen  0.16/turn              f - ring of magical power
MPRegen  0.15/turn              g - +4 ring of protection

@: wreathed by umbra, heavily drained
A: (nimble swimmer 2), mertail
a: Renounce Religion, Shadow Step


You were on level 6 of the Dungeon.
You worshipped Dithmenos.
Dithmenos was pleased with you.
You visited 2 branches of the dungeon, and saw 7 of its levels.

You collected 867 gold pieces.
You spent 192 gold pieces at shops.

Inventory:

Hand Weapons
 a - a +0 trident (weapon)
Missiles
 p - a throwing net (quivered)
Armour
 b - a +0 scale mail (worn)
 c - a +0 kite shield (worn)
 e - a +0 helmet (worn)
 h - a +0 robe
 j - a scarf of resistance (worn)
Jewellery
 f - a ring of magical power (left hand)
 g - a +4 ring of protection (right hand)
 l - a ring of wizardry
Wands
 d - a wand of polymorph (2)
 m - a wand of iceblast (11)
Scrolls
 i - a scroll of teleportation
 o - a scroll of magic mapping {unknown}


   Skills:
 - Level 3.2 Fighting
 + Level 10.0 Polearms
 - Level 2.1 Armour
 * Level 6.4 Dodging
 + Level 6.0 Shields


You had 7 spell levels left.
You didn't know any spells.
Your spell library contained the following spells:

 Spells                   Type           Power      Damage    Failure   Level
 Conjure Flame            Conj/Fire      0%         6-21      100%        3
 Ignite Poison            Fire/Tmut/Pois 0%         N/A       100%        3
 Animate Armour           Summ/Erth      0%         N/A       100%        4
 Sticky Flame             Conj/Fire      0%         2d3       100%        4
 Blade Hands              Tmut           0%         N/A       100%        5
 Iron Shot                Conj/Erth      0%         9d1       100%        6


Dungeon Overview and Level Annotations

Branches:
Dungeon (6/15)             Temple (1/1) D:4

Altars:
Ashenzari
Dithmenos
Elyvilon
Kikubaaqudgha
Makhleb
Nemelex Xobeh
Okawaru
Qazlal
Ru
Trog
Wu Jian
Yredelemnul
Zin

Shops:
D:1 [*(!   D:3 !(=*


Innate Abilities, Weirdness & Mutations

((You are quick and stealthy near water. (Stealth+, EV+, Speed+++)))
Your lower body shifts to a powerful aquatic tail in water.


Message History

Found a stone staircase leading down.
There is a stone staircase leading down here.
Your legs become a tail as you enter the water.
The centaur shouts!
Found a murky black potion and 19 gold pieces.
Found 22 arrows.
Found a scroll labelled UPSAOL VYUGUA.
The bullfrog gives a loud, deep croak!
There are monsters nearby!
A bullfrog zombie comes into view.
It was a potion of heal wounds.
You feel much better.
It was a potion of degeneration.
There was something very wrong with that liquid.
You feel weakened.
You feel dopey.
You feel clumsy. The wight closely misses you.
You hit the wight but do no damage. The wight hits you with a +0 scimitar!
You feel drained. The wight hits you with a +6 war axe.
You feel drained.
You hit the wight but do no damage. The wight hits you with a +0 scimitar!
The wight hits you with a +6 war axe.
You feel drained.
You hit the wight but do no damage. The bullfrog zombie misses you.
The wight barely misses you. The wight hits you with a +6 war axe.
The bullfrog zombie hits you but does no damage.
You hit the wight.
The wight is moderately damaged.
The wight hits you but does no damage.
The bullfrog zombie hits you but does no damage.
The wight misses you.
You barely miss the wight.
The wight is moderately damaged.
You block the bullfrog zombie's attack. The wight hits you but does no damage.
You block the wight's attack.
You closely miss the wight.
The wight is moderately damaged.
The bullfrog zombie hits you but does no damage.
The wight hits you with a +0 scimitar!
* * * LOW HITPOINT WARNING * * *
You feel drained.
* * * LOW HITPOINT WARNING * * *
The wight hits you with a +6 war axe!
You die...

....## ##..# #.# ...##
#..## ##.# ..## ##..#
###..# # ###
##..#####..### .#
##...##...######...
##..####............
##..###..............
###..####..............
#...####.....@Z........
#...# #.(?...zz........
#..####...............$
#...##.................
#....##................
#.....##...............
###.....####............^
#........###............
..###......##...........


You could see 2 wights and a bullfrog zombie.

Vanquished Creatures
  Sigmund (D:4)
  A black bear (D:6)
  A necrophage (D:5)
  An ogre (D:3)
  A centaur (D:5)
  A scorpion (D:5)
  A water moccasin skeleton (D:4)
  A wight (D:6)
  A hound (D:6)
  Crazy Yiuf (D:3)
  2 iguanas (D:6)
  A hound skeleton (D:4)
  Robin (D:4)
  11 gnolls (D:5)
  10 adders
  6 river rats (D:5)
  A white imp (D:5)
  5 worms (D:5)
  4 dart slugs
  7 orcs (D:3)
  10 ball pythons
  8 endoplasms
  2 giant cockroaches
  27 hobgoblins
  6 quokkas
  4 bats
  A frilled lizard (D:1)
  38 goblins
  13 kobolds
  8 rats
175 creatures vanquished.

Vanquished Creatures (collateral kills)
  A goblin (D:5)
1 creature vanquished.

Grand Total: 176 creatures vanquished

Notes
Turn   | Place    | Note
-------+----------+-------------------------------------------
     0 | D:1      | zeram the Merfolk Fighter began the quest for the Orb.
     0 | D:1      | Reached XP level 1. HP: 18/18 MP: 1/1
   220 | D:1      | Reached skill level 1 in Dodging
   297 | D:1      | Found Ahaitale's Assorted Antiques.
   317 | D:1      | Reached XP level 2. HP: 24/24 MP: 2/2
   322 | D:1      | Found Xaadail's Antique Armour Shoppe.
   560 | D:1      | Found Unnyti's Weapon Emporium.
   628 | D:1      | Found Deyl's Distillery.
   644 | D:1      | Reached XP level 3. HP: 20/29 MP: 3/3
   876 | D:2      | Identified a scroll of acquirement
   876 | D:2      | Acquired 550 gold pieces
   994 | D:2      | Reached skill level 4 in Polearms
  1278 | D:2      | Reached XP level 4. HP: 29/35 MP: 4/4
  1605 | D:2      | Found an iron altar of Okawaru.
  1988 | D:3      | Found Lenuekhiub's Jewellery Boutique.
  2041 | D:3      | Reached skill level 5 in Polearms
  2090 | D:3      | Found Xuemon's Weapon Shop.
  2211 | D:3      | Found Ynnyumod's Assorted Antiques.
  2223 | D:3      | Found a faded altar of an unknown god.
  2303 | D:3      | Reached XP level 5. HP: 29/41 MP: 5/5
  2539 | D:1      | Bought an embroidered scarf for 192 gold pieces
  2773 | D:3      | Found Uscheptill's Distillery.
  2774 | D:3      | Noticed an ogre
  2782 | D:3      | Killed an ogre
  2783 | D:3      | Reached skill level 6 in Polearms
  2924 | D:3      | Found a runed translucent door.
  2925 | D:3      | Noticed Crazy Yiuf
  3139 | D:3      | Killed Crazy Yiuf
  3140 | D:3      | Reached XP level 6. HP: 37/47 MP: 6/6
  3357 | D:4      | Noticed Robin
  3545 | D:4      | Killed Robin
  3778 | D:4      | Found a shadowy altar of Dithmenos.
  3914 | D:4      | Found a staircase to the Ecumenical Temple.
  4034 | Temple   | Entered the Ecumenical Temple
  4195 | D:4      | Became a worshipper of Dithmenos the Shadowed
  4290 | D:4      | Noticed Sigmund
  4325 | D:4      | Killed Sigmund
  4326 | D:4      | Reached skill level 7 in Polearms
  4326 | D:4      | Reached XP level 7. HP: 13/52 MP: 7/7
  4955 | D:5      | Entered Level 5 of the Dungeon
  5164 | D:5      | Reached skill level 5 in Dodging
  5278 | D:5      | Reached skill level 8 in Polearms
  5278 | D:5      | Reached skill level 5 in Shields
  5542 | D:5      | Reached * piety under Dithmenos
  5835 | D:5      | Reached XP level 8. HP: 41/58 MP: 8/8
  6162 | D:5      | Reached skill level 9 in Polearms
  6208 | D:5      | Reached ** piety under Dithmenos
  7180 | D:6      | Reached skill level 10 in Polearms
  7647 | D:6      | Mangled by a wight

Illustrated notes

Levels and vault maps discovered:
D:1:      lightli_arrival_isolated_outpost, layout_loops_ring, serial_shops,
          nicolae_shop_stone, shop, shop, shop
D:2:      layout_rooms, basic_altar
D:3:      minmay_spotlight, layout_loops_ring,
          hellmonk_ecumenical_altar_arch_garden, serial_shops, shop, shop, shop,
          nicolae_lakefront_shop, uniq_crazy_yiuf_cottage
D:4:      layout_basic, kennysheep_mini_moat, minmay_temple_entry_antechambers,
          grunt_ministairs_8, uniq_robin, uniq_sigmund
D:5:      minmay_goblin_kobold_castle, layout_loops_ring,
          lightli_sewer_entry_pipes, minmay_statues_item
D:6:      layout_layer_cave, kennysheep_opposing_triangles
Temple:   minmay_temple_bridge_abc

Skill      XL: |  1  2  3  4  5  6  7  8 |
---------------+-------------------------+-----
Dodging        | 1 2 3 4 5 6 |  6.4
Polearms       | 4 5 6 7 8 10 | 10.0
Shields        | 4 5 6 |  6.0
Fighting       | |  3.2
Armour         | |  2.1

Action                   |  1- 3 |  4- 6 |  7- 9 || total
-------------------------+-------+-------+-------++-------
Melee: Trident           |   101 |   234 |   354 ||   689
       Tailslap          |       |       |     9 ||     9
  Use: Potion            |     1 |     5 |     2 ||     8
       Scroll            |     1 |     2 |     4 ||     7
Armor: Scale mail        |    33 |   113 |   138 ||   284
       Skin              |       |     6 |       ||     6
Dodge: Dodged            |    31 |    66 |   178 ||   275
Block: Kite shield       |    37 |   102 |   197 ||   336
